 Dungeon Crawl Stone Soup version 0.27-a0-203-gd48b2df3c9 (webtiles) character file.

Game seed: 9624020201474425968

3928 lessens the Grappler (level 10, -2/66 HPs)
             Began as an Octopode Artificer on Jan 31, 2021.
             Was a Follower of Okawaru.
             Slain by an eight-headed hydra (18 damage)
             ... on level 8 of the Dungeon.
             The game lasted 00:13:01 (10611 turns).

lessens the Grappler (Octopode Artificer)          Turns: 10611, Time: 00:13:02

Health: -2/66      AC:  1    Str: 14    XL:     10   Next: 21%
Magic:  10/10      EV: 15    Int: 14    God:    Okawaru [*.....]
Gold:   404        SH:  0    Dex: 13    Spells: 9/9 levels left

rFire    + . .     SeeInvis +     - Unarmed
rCold    + . .     Faith    +   (no shield)
rNeg     + . .     Spirit   .   (helmet restricted)
rPois    +         Reflect  .   G - amulet of faith
rElec    .         Harm     .   i - ring of protection from cold
rCorr    +         Rampage  .   q - ring of resist corrosion
Will     .....                  L - ring of see invisible
Stlth    +++.......             B - ring of poison resistance
HPRegen  0.21/turn              I - ring of positive energy
MPRegen  0.12/turn              F - ring of protection from fire
                                (no ring)
                                (no ring)

@: no status effects
A: almost no armour, stealthy swim, amphibious, 8 rings, constrict 8, camouflage
1, gelatinous body 1
a: Renounce Religion, Heroism


You were on level 8 of the Dungeon.
You worshipped Okawaru.
Okawaru was aware of your devotion.
You visited 2 branches of the dungeon, and saw 9 of its levels.

You collected 504 gold pieces.
You spent 100 gold pieces at shops.

Inventory:

Hand Weapons
 a - a +0 club
 k - a +2 dagger of electrocution
Missiles
 p - 283 stones
 s - 2 throwing nets
 y - 35 poisoned darts (quivered)
Jewellery
 i - a ring of protection from cold (left tentacle)
 q - a ring of resist corrosion (right tentacle)
 r - an uncursed amulet of guardian spirit
 B - a ring of poison resistance (on tentacle)
 F - a ring of protection from fire (on tentacle)
 G - an amulet of faith (around mantle)
 I - a ring of positive energy (on tentacle)
 L - a ring of see invisible (on tentacle)
Wands
 b - a wand of flame (39)
 c - a wand of enslavement (15)
 d - a wand of random effects (14)
 v - a wand of iceblast (10)
 K - a wand of paralysis (4)
Scrolls
 e - a scroll of enchant armour
 h - 2 scrolls of amnesia
 l - 7 scrolls of remove curse
 m - 4 scrolls of teleportation
 n - a scroll of magic mapping
 x - 4 scrolls of enchant weapon
 H - a scroll of blinking
Potions
 f - a potion of might {unknown}
 g - 4 potions of haste
 j - 4 potions of magic
 o - 2 potions of curing
 t - a potion of invisibility
 u - 3 potions of flight
 w - 2 potions of attraction
 z - 2 potions of heal wounds
 A - a potion of cancellation {unknown}
 C - a potion of ambrosia
 E - 2 potions of lignification
 J - a potion of berserk rage


   Skills:
 + Level 5.0 Fighting
 - Level 3.9 Dodging
 - Level 1.3 Stealth
 * Level 12.7 Unarmed Combat
 - Level 3.2 Evocations


You had 9 spell levels left.
You didn't know any spells.
Your spell library was empty.

Dungeon Overview and Level Annotations

Branches:
Dungeon (8/15)             Temple (1/1) D:6
   Lair: D:8-11

Altars:
Ashenzari
Dithmenos
Elyvilon
Fedhas
Gozag
Hepliaklqana
Kikubaaqudgha
Makhleb
Okawaru
Qazlal
Ru
Sif Muna
Uskayaw
Vehumet
Wu Jian
Xom
Zin
The Shining One

Shops:
D:7 *


Innate Abilities, Weirdness & Mutations

You cannot wear most types of armour.
You are very stealthy in the water. (Stealth+)
You are amphibious.
You can wear up to eight rings at the same time.
You can use your tentacles to constrict eight enemies at once.
Your skin changes colour to match your surroundings (Stealth+).
Your rubbery body absorbs attacks. (AC +1, EV +1)


Message History

You batter the hound!!
You kill the hound!
Okawaru accepts your kill.
No target in view!
No target in view!
You see here a hound corpse.
An eight-headed hydra comes into view.
Found 6 gold pieces.
An eight-headed hydra is nearby!
An eight-headed hydra is nearby!
The helpless eight-headed hydra fails to defend itself.
You batter the eight-headed hydra!!
The eight-headed hydra is moderately wounded.
The eight-headed hydra bites you!! The eight-headed hydra bites you!
The eight-headed hydra bites you.
The eight-headed hydra barely misses you.
The eight-headed hydra bites you!
* * * LOW HITPOINT WARNING * * *
The eight-headed hydra bites you!!
You die...

#.#.≈≈≈.8..8.≈≈≈#.
..##≈≈8##''##8≈≈#
...≈≈≈##....##≈≈≈.
...≈≈##......##≈≈.
...≈≈#..####..#≈≈.
...≈≈#..# ..#≈≈.
#+#≈≈#.†# .#≈≈
#≈≈#..##+#..#≈≈
#≈≈##.@D...# ≈≈
..≈ ##...$## ####
###### ≈≈≈≈ ≈≈≈≈≈
######


You could see an eight-headed hydra.

Vanquished Creatures
  A two-headed ogre (D:8)
  Maggie (D:7)
  A water moccasin (D:7)
  2 ice beasts
  A sky beast (D:8)
  An orc warrior (D:7)
  2 phantoms
  2 ogres
  2 wolves (D:8)
  4 centaurs
  5 bullfrogs
  2 scorpions
  3 howler monkeys
  2 electric eels (D:8)
  A bullfrog zombie (D:8)
  4 hounds
  2 jellies
  9 orc priests
  2 bullfrog skeletons
  3 centaur skeletons
  An iguana (D:5)
  3 worker ants
  7 orc wizards
  A hound zombie (D:6)
  9 adders
  2 white imps
  An ooze (D:3)
  2 adder skeletons
  An adder zombie (D:6)
  2 worms
  A dart slug (D:1)
  A leopard gecko (D:3)
  29 orcs
  4 giant cockroaches
  7 goblins
  8 hobgoblins
  2 jackals
  7 kobolds
  6 bats
  7 frilled lizards
  2 quokka skeletons
  4 rats
157 creatures vanquished.

Notes
Turn   | Place    | Note
-------+----------+-------------------------------------------
     0 | D:1      | lessens the Octopode Artificer began the quest for the Orb.
     0 | D:1      | Reached XP level 1. HP: 13/13 MP: 1/1
   200 | D:1      | Reached skill level 1 in Unarmed Combat
   301 | D:1      | Reached XP level 2. HP: 18/18 MP: 2/2
   658 | D:1      | Reached skill level 2 in Unarmed Combat
  1083 | D:2      | Reached XP level 3. HP: 23/23 MP: 3/3
  1330 | D:2      | Reached skill level 3 in Unarmed Combat
  1390 | D:2      | Noticed an ogre
  1417 | D:2      | Killed an ogre
  1418 | D:2      | Reached skill level 4 in Unarmed Combat
  1418 | D:2      | Reached XP level 4. HP: 26/28 MP: 4/4
  1418 | D:2      | Reached XP level 5. HP: 31/33 MP: 5/5
  1644 | D:2      | Reached skill level 5 in Unarmed Combat
  2522 | D:3      | Reached XP level 6. HP: 28/38 MP: 6/6
  2724 | D:3      | Reached skill level 6 in Unarmed Combat
  2728 | D:3      | HP: 1/38 [something (4)]
  3414 | D:3      | Found a white marble altar of Elyvilon.
  4099 | D:4      | Reached skill level 7 in Unarmed Combat
  4099 | D:4      | Reached XP level 7. HP: 43/43 MP: 7/7
  4184 | D:4      | HP: 1/43 [orc wizard/magic dart (3)]
  4476 | D:4      | Found a hazy altar of Hepliaklqana.
  5116 | D:4      | Found a shimmering blue altar of Sif Muna.
  5302 | D:5      | Entered Level 5 of the Dungeon
  5421 | D:5      | Found a stormy altar of Qazlal.
  5456 | D:5      | Reached skill level 8 in Unarmed Combat
  5901 | D:5      | Reached XP level 8. HP: 28/48 MP: 4/8
  6361 | D:5      | Reached skill level 9 in Unarmed Combat
  7236 | D:6      | Reached skill level 10 in Unarmed Combat
  7434 | D:6      | Found a staircase to the Ecumenical Temple.
  7446 | Temple   | Entered the Ecumenical Temple
  7842 | D:7      | Found Vuityv's Assorted Antiques.
  7846 | D:7      | Bought a blackened coral ring for 100 gold pieces
  8410 | D:7      | Reached XP level 9. HP: 44/53 MP: 7/9
  8592 | D:7      | Identified the cursed ring of Paleallu {EV-4 Str+5 SInv}
  8811 | D:7      | Noticed Maggie
  8827 | D:7      | Killed Maggie
  8828 | D:7      | Reached skill level 11 in Unarmed Combat
  9652 | D:8      | Found a sacrificial altar of Ru.
  9676 | D:8      | Found a broken altar of Ashenzari.
  9924 | D:8      | Found an iron altar of Okawaru.
 10157 | D:8      | Became a worshipper of Warmaster Okawaru
 10183 | D:8      | Reached skill level 12 in Unarmed Combat
 10297 | D:8      | Noticed a two-headed ogre
 10396 | D:8      | Killed a two-headed ogre
 10396 | D:8      | Reached * piety under Okawaru
 10397 | D:8      | Reached XP level 10. HP: 65/65 MP: 10/10
 10410 | D:8      | Reached skill level 5 in Fighting
 10609 | D:8      | Noticed an eight-headed hydra
 10611 | D:8      | Slain by an eight-headed hydra

Illustrated notes

Levels and vault maps discovered:
D:1:      dpeg_arrival_houses_and_road, layout_loops_ring,
          amcnicky_mini_pool_small, minmay_parallelograms
D:2:      minmay_spotlight, layout_loops_cross, minivault_23
D:3:      layout_basic, lemuel_crystal_altar, minmay_quadrilaterals
D:4:      layout_rooms, nzn_hepliaklqana_mist_gate, serial_forest,
          infiniplex_forest_lined_room_3, infiniplex_forest_diagonal,
          infiniplex_forest_clump_large, infiniplex_forest_straight_2,
          infiniplex_forest_straight_1, infiniplex_forest_end_3,
          infiniplex_forest_lined_2, lemuel_blue_sif_altar
D:5:      layout_gridville, basic_altar
D:6:      layout_rooms, minmay_temple_entry_statues_fountains
D:7:      layout_loops_corners, serial_shops, kennysheep_mini, uniq_maggie
D:8:      layout_basic, nemelex_altar_shiori, kennysheep_mini_moat, minitemple,
          nicolae_overflow_crystal_walls, erik_lair_island,
          hangedman_decor_slide_cut, kennysheep_island_fort
Temple:   nicolae_temple_x_marks_the_god

Skill      XL: |  1  2  3  4  5  6  7  8  9 10 |
---------------+-------------------------------+-----
Unarmed Combat | 1 2 4 5 7 8 10 12 | 12.7
Dodging        | 3 |  3.9
Fighting       | 4 5 |  5.0
Stealth        | |  1.3
Evocations     | |  3.2

Action                   |  1- 3 |  4- 6 |  7- 9 | 10-12 || total
-------------------------+-------+-------+-------+-------++-------
Melee: Club              |    25 |       |       |       ||    25
       Constrict         |    19 |    27 |    44 |     3 ||    93
       Tentacles         |    12 |    17 |    52 |     1 ||    82
       Dagger            |    29 |   111 |    94 |       ||   234
       Punch             |       |     8 |    16 |       ||    24
       Unarmed           |       |       |   155 |    12 ||   167
Throw: Stone             |     3 |       |       |       ||     3
       Dart              |       |       |    14 |       ||    14
Evoke: Wand              |     7 |       |     6 |     2 ||    15
  Use: Potion            |       |     1 |     3 |       ||     4
       Scroll            |       |       |    14 |     5 ||    19
 Stab: Sleeping          |     3 |     7 |     7 |     2 ||    19
       Paralysed         |       |       |     4 |       ||     4
Armor: Skin              |     5 |     5 |     6 |       ||    16
Dodge: Dodged            |    31 |    61 |   125 |     5 ||   222

Table legend: (Time is in decaauts)
 A = Elapsed time spent in this place.
 B = Non-inter-level travel time spent in this place.
 C = Inter-level travel time spent in this place.
 D = Time resting spent in this place.
 E = Time spent auto-exploring this place.
 F = Levels seen in this place.
 G = Mean time per level.
                   A        B        C        D        E       F      G
               +--------+--------+--------+--------+--------+-----+--------+
         Total |  10567 |  10351 |    216 |   1777 |   7049 |   9 | 1174.1 |
       Dungeon |  10509 |  10301 |    208 |   1777 |   6999 |   8 | 1313.6 |
        Temple |     58 |     50 |      8 |      0 |     50 |   1 |   58.0 |
               +--------+--------+--------+--------+--------+-----+--------+

Top non-repeatable levels by time:
     D:3: 1777 daAuts
     D:7: 1545 daAuts
     D:6: 1473 daAuts
     D:4: 1412 daAuts
     D:5: 1177 daAuts
     D:2: 1091 daAuts
     D:1: 1070 daAuts
     D:8: 960 daAuts
  Temple: 58 daAuts
